 Dungeon Crawl Stone Soup version 0.22-a0-322-g60b3cfd (webtiles) character file.

1886 sankara the Grappler (level 8, -12/59 HPs)
             Began as a Minotaur Transmuter on Apr 2, 2018.
             Was a Follower of Makhleb.
             Mangled by a wyvern (15 damage)
             ... on level 8 of the Dungeon.
             The game lasted 00:26:00 (8191 turns).

sankara the Grappler (Minotaur Transmuter)          Turns: 8191, Time: 00:26:01

Health: -12/59     AC:  2    Str: 16    XL:     8   Next: 92%
Magic:  5/9        EV: 19    Int: 12    God:    Makhleb [*.....]
Gold:   295        SH:  0    Dex: 15    Spells: 1/9 levels left

rFire    . . .     SeeInvis .     - Unarmed
rCold    + . .     Gourm    .   (shield currently unavailable)
rNeg     + . .     Faith    .   (armour currently unavailable)
rPois    x         Spirit   .   (helmet currently unavailable)
rElec    .         Reflect  .   (cloak currently unavailable)
rCorr    .         Harm     .   (gloves currently unavailable)
MR       .....                  (boots currently unavailable)
Stlth    +.........             (no amulet)
HPRegen  0.19/turn              k - ring of protection from cold {rC+, !d}
MPRegen  0.11/turn              A - ring of positive energy {rN+}

@: spider-form (expiring), very slightly contaminated, invisible
A: tiny, (retaliatory headbutt)
a: End Transformation, Renounce Religion


You were on level 8 of the Dungeon.
You worshipped Makhleb.
Makhleb was aware of your devotion.
You were very hungry.
You were a venomous arachnid creature.
You visited 2 branches of the dungeon, and saw 8 of its levels.

You collected 295 gold pieces.

Inventory:

Hand Weapons
 b - a +0 hunting sling
   (You found it on level 2 of the Dungeon)
Missiles
 a - 75 arrows
 c - 87 stones (quivered)
 n - 2 throwing nets {=f, !d}
 p - 6 tomahawks of returning
 E - 48 sling bullets
Armour
 f - a +0 robe (melded)
 t - a +0 pair of gloves (melded)
   (You found it on level 3 of the Dungeon)
 C - a +0 cloak (melded)
   (You took it off Crazy Yiuf on level 3 of the Dungeon)
Jewellery
 h - a +2 ring of dexterity
   (You found it on level 6 of the Dungeon)
 k - a ring of protection from cold (left front leg) {rC+, !d}
   (You took it off a hobgoblin on level 2 of the Dungeon)
 A - a ring of positive energy (right front leg) {rN+}
   (You found it on level 3 of the Dungeon)
Wands
 i - a wand of iceblast (1)
   (You found it on level 6 of the Dungeon)
 x - a wand of flame (14)
   (You took it off Edmund on level 4 of the Dungeon)
Scrolls
 g - a scroll of noise {unknown}
 q - 2 scrolls of amnesia {unknown}
 s - 3 scrolls of identify
 u - 2 scrolls of fear
 v - 4 scrolls of remove curse
 w - 2 scrolls of teleportation {unknown}
 y - a scroll of enchant weapon {unknown}
 B - a scroll of blinking {unknown}
Potions
 e - 2 potions of brilliance
 j - a potion of invisibility
 l - a potion of flight
 m - a potion of curing
 o - 3 potions of magic
 r - a potion of lignification {!q}
 z - a potion of ambrosia {unknown}
 D - a potion of haste {unknown}
Comestibles
 d - 11 rations


   Skills:
 - Level 1.2 Fighting
 - Level 2.1 Dodging
 + Level 9.6 Unarmed Combat
 - Level 1.3 Spellcasting
 + Level 7.0 Transmutations


You had one spell level left.
You knew the following spells:

 Your Spells              Type           Power        Failure   Level  Hunger
a - Beastly Appendage     Tmut           ###...       7%          1    ##.....
b - Blink                 Tloc           N/A          63%         2    ###....
c - Spider Form           Tmut/Pois      #.........   41%         3    ####...
d - Sticks to Snakes      Tmut           ###.....     9%          2    ###....


Dungeon Overview and Level Annotations

Branches:
Dungeon (6/15)             Temple (1/1) D:5

Altars:
Ashenzari
Cheibriados
Dithmenos
Fedhas
Makhleb
Nemelex Xobeh
Okawaru
Qazlal
Ru
Sif Muna
Uskayaw
Vehumet
Wu Jian
Xom
Yredelemnul
The Shining One

Annotations:
D:4 1 runed door, xccam's ghost, novice FoFi


Innate Abilities, Weirdness & Mutations

((You reflexively headbutt those who attack you in melee.))
((You have a pair of horns on your head.))


Message History

You bite something! Something completely misses you.
You miss something. Something hits you but does no damage.
You barely miss something. Makhleb accepts your kill.
Reactivating autopickup.
You feel a bit more experienced.
Your transformation is almost over.
Items here: )) [[ a dagger; a robe; a dagger; a scale mail There isn't anything to butcher here.
Things that are here:
a dagger; a robe; a hand axe of electrocution There isn't anything to butcher here.
Things that are here:
a short sword; a ring mail
Items here: )) [[ a dagger; a robe; a dagger; a scale mail
Items here: )) [[ a dagger; a robe; a dagger; a scale mail
Things that are here:
a short sword; a ring mail Your transformation has ended.
Your +0 cloak unmelds from your body.
Your +0 pair of gloves unmelds from your body.
Your +0 robe unmelds from your body.
HP restored.
c - 86 stones (gained 1)
You now have 295 gold pieces (gained 7).
E - 48 sling bullets (gained 20)
c - 87 stones (gained 1) Key pressed, stopping explore.
D - a dark potion
Found a stone staircase leading up.
You are feeling very hungry.
You see here a dagger.
A leopard gecko comes into view.
The leopard gecko hisses angrily.
Casting: Spider Form (safe; 22% risk of failure)
Confirm with . or Enter, or press ? or * to list all spells.
Okay, then.
Casting: Spider Form (safe; 22% risk of failure)
Confirm with . or Enter, or press ? or * to list all spells.
You miscast Spider Form.
You are very lightly contaminated with residual magic.
Nothing appears to happen.
Casting: Spider Form (safe; 22% risk of failure)
Confirm with . or Enter, or press ? or * to list all spells.
Your feet morph into talons.
You barely miss the leopard gecko. Your kick misses the leopard gecko.
Your headbutt misses the leopard gecko. The leopard gecko closely misses you.
You barely miss the leopard gecko. Your kick misses the leopard gecko.
The leopard gecko barely misses you.
You miss the leopard gecko. You barely miss the leopard gecko.
Your kick misses the leopard gecko.
You kill the leopard gecko!
Makhleb accepts your kill.
There isn't anything here!
You fall through a shaft for 2 floors!
The shaft crumbles and collapses.
A hippogriff and a wyvern come into view.
The hippogriff screeches!
The wyvern hisses angrily.
Casting: Beastly Appendage (safe; 1% risk of failure)
Confirm with . or Enter, or press ? or * to list all spells.
Your talons disappear.
You turn into a venomous arachnid creature.
Your +0 cloak melds into your body.
Your +0 pair of gloves melds into your body.
Your +0 robe melds into your body.
The hippogriff bites you! The hippogriff misses you.
The hippogriff claws you but does no damage.
You bite the hippogriff!
The hippogriff is poisoned.
The hippogriff is lightly wounded.
You barely miss the hippogriff.
The hippogriff is lightly wounded.
The hippogriff bites you! The hippogriff misses you.
The hippogriff barely misses you.
You bite the hippogriff!
The hippogriff looks as sick as possible!
The hippogriff is heavily wounded.
The wyvern closely misses you. The hippogriff bites you.
The hippogriff pecks you! The hippogriff claws you! The wyvern bites you.
* * * LOW HITPOINT WARNING * * *
The wyvern bites you!
* * * LOW HITPOINT WARNING * * *
You fade into invisibility!
The wyvern misses you. The hippogriff misses you.
The hippogriff pecks you but does no damage.
The hippogriff completely misses you. The wyvern misses you.
Okay, then.
Your transformation is almost over.
The wyvern misses you.
Found a stone staircase leading up.
The wyvern misses you. The wyvern misses you.
You kill the hippogriff!
Makhleb accepts your kill.
Your life force feels restored.
Your Transmutations skill increases to level 7!
The wyvern bites you!
You die...

###### #.†..#
#.##.#
#.#####.##.#####.#
.................#
#######l##########
#s# ###


You could see a wyvern.

Vanquished Creatures
  A hippogriff (D:8)
  Menkaure (D:5)
  Eustachio (D:4)
  An ice beast (D:5)
  4 ogres
  A phantom (D:6)
  A bullfrog (D:6)
  A scorpion (D:4)
  A bullfrog zombie (D:5)
  A crimson imp (D:5)
  A centaur skeleton (D:4)
  2 hounds
  An orc priest (D:6)
  Crazy Yiuf (D:3)
  A jelly (D:5)
  5 orc wizards
  Jessica (D:3)
  An iguana (D:4)
  2 human skeletons (D:4)
  A hound zombie (D:5)
  4 gnolls (D:5)
  6 adders
  A shadow imp (D:5)
  An ooze (D:2)
  2 leopard geckos
  18 orcs
  A ball python (D:2)
  6 bats
  3 giant cockroaches
  6 goblins
  8 hobgoblins
  14 jackals
  4 kobolds
  3 frilled lizards
  A jackal skeleton (D:6)
  A leopard gecko skeleton (D:4)
  A quokka zombie (D:5)
  6 rats
115 creatures vanquished.

Vanquished Creatures (collateral kills)
  Edmund (D:4)
  An orc wizard (D:6)
2 creatures vanquished.

Grand Total: 117 creatures vanquished

Notes
Turn   | Place    | Note
-------+----------+-------------------------------------------
     0 | D:1      | sankara the Minotaur Transmuter began the quest for the Orb.
     0 | D:1      | Reached XP level 1. HP: 16/16 MP: 1/1
   318 | D:1      | Reached XP level 2. HP: 19/23 MP: 0/3
   332 | D:1      | Reached skill level 2 in Transmutations
   823 | D:1      | Learned a level 2 spell: Sticks to Snakes
  1115 | D:2      | Found a glowing golden altar of the Shining One.
  1127 | D:2      | Reached skill level 4 in Unarmed Combat
  1287 | D:2      | Reached XP level 3. HP: 28/28 MP: 4/4
  1881 | D:2      | Reached XP level 4. HP: 26/35 MP: 1/5
  2375 | D:3      | Reached skill level 3 in Transmutations
  3005 | D:3      | Reached skill level 5 in Unarmed Combat
  3112 | D:3      | Reached XP level 5. HP: 40/40 MP: 6/6
  3183 | D:3      | You fall through a shaft for 3 floors!
  3197 | D:6      | Learned a level 3 spell: Spider Form
  3226 | D:6      | Found an ornate altar of the Wu Jian Council.
  3229 | D:6      | Noticed a phantom
  3249 | D:6      | HP: 6/40 [phantom (7)]
  3253 | D:6      | Killed a phantom
  3552 | D:6      | Reached XP level 6. HP: 32/47 MP: 2/7
  3555 | D:6      | Reached skill level 4 in Transmutations
  3615 | D:6      | Found a shadowy altar of Dithmenos.
  3615 | D:6      | Found a basalt altar of Yredelemnul.
  3701 | D:6      | HP: 11/47 [ogre/giant spiked club (17)]
  3703 | D:6      | Reached skill level 6 in Unarmed Combat
  3704 | D:6      | HP: 1/47 [bullfrog (5)]
  4045 | D:5      | Entered Level 5 of the Dungeon
  4059 | D:5      | Found a burning altar of Makhleb.
  4123 | D:5      | Noticed an ice beast
  4136 | D:5      | Killed an ice beast
  4136 | D:5      | Reached XP level 7. HP: 35/52 MP: 8/8
  4180 | D:5      | Became a worshipper of Makhleb the Destroyer
  4481 | D:5      | Reached skill level 7 in Unarmed Combat
  4501 | D:5      | Noticed Menkaure
  4506 | D:5      | Killed Menkaure
  4506 | D:5      | Reached skill level 5 in Transmutations
  4704 | D:5      | Found a shimmering altar of Xom.
  4840 | D:5      | Found a hide-covered altar of Uskayaw.
  4997 | D:5      | Found a staircase to the Ecumenical Temple.
  5006 | Temple   | Entered the Ecumenical Temple
  5496 | D:4      | Learned a level 2 spell: Blink
  5536 | D:4      | Found a runed door.
  5536 | D:4      | Noticed a human
  5540 | D:4      | Found a basalt altar of Yredelemnul.
  5571 | D:4      | Reached XP level 8. HP: 21/59 MP: 6/9
  5583 | D:4      | Reached * piety under Makhleb
  5583 | D:4      | Reached skill level 8 in Unarmed Combat
  5727 | D:4      | Noticed Eustachio
  5733 | D:4      | Reached skill level 6 in Transmutations
  5749 | D:4      | Killed Eustachio
  5970 | D:4      | Noticed Edmund
  5982 | D:4      | HP: 12/59 [Edmund/flail of draining (12)]
  5984 | D:4      | Killed Edmund
  6411 | D:4      | Noticed xccam's ghost (novice FoFi)
  6422 | D:4      | HP: 4/59 [xccam's ghost (16)]
  6772 | D:3      | Noticed Jessica
  6779 | D:3      | Killed Jessica
  7011 | D:3      | Found a runed door.
  7091 | D:3      | Noticed Crazy Yiuf
  7096 | D:3      | Killed Crazy Yiuf
  7206 | D:4      | HP: 3/59 [xccam's ghost (20)]
  7587 | D:4      | Reached skill level 9 in Unarmed Combat
  8177 | D:6      | You fall through a shaft for 2 floors!
  8177 | D:8      | Noticed a hippogriff
  8181 | D:8      | HP: 12/59 [wyvern (6)]
  8182 | D:8      | HP: 1/59 [wyvern (11)]
  8190 | D:8      | Killed a hippogriff
  8190 | D:8      | Reached skill level 7 in Transmutations
  8191 | D:8      | Mangled by a wyvern

Vault maps used:
D:1:      tarquinn_simple_flora_water_c, minmay_misc_feat_enclosed
D:2:      minmay_misc_feat_room, minmay_misc_feat_more_columns, tso_metal_star
D:3:      uniq_crazy_yiuf_cottage, uniq_jessica
D:4:      nicolae_overflow_hidden_temple, dk_yredelemnul_ordeal, uniq_edmund,
          uniq_eustachio
D:5:      makhleb_grotto_becter, lemuel_round_altar, lemuel_doored_altar,
          lemuel_temple_firewalk_b, first_ration, uniq_menkaure
D:6:      gammafunk_temple_overflow_elements, nicolae_ossuary_entry_plus,
          basic_altar, kennysheep_pointless_box, uniq_blork_the_orc
D:8:      old_standard_altar, marbit_many_paths, uniq_grum
Temple:   minmay_temple_curvy_loop

Skill      XL: |  1  2  3  4  5  6  7  8 |
---------------+-------------------------+-----
Transmutations | 2 3 4 5 7 |  7.0
Unarmed Combat | 4 5 6 7 9 |  9.6
Fighting       | |  1.2
Dodging        | |  2.1
Spellcasting   | |  1.3

Action                   |  1- 3 |  4- 6 |  7- 9 || total
-------------------------+-------+-------+-------++-------
Melee: Unarmed           |    81 |   107 |   143 ||   331
       Kick              |     6 |    17 |     8 ||    31
       Headbutt          |     8 |     9 |    15 ||    32
       Punch             |     1 |     2 |     2 ||     5
 Fire: Hunting sling     |    23 |    47 |     5 ||    75
 Cast: Beastly Appendage |    16 |    14 |    16 ||    46
       Spider Form       |       |     1 |    12 ||    13
       Sticks to Snakes  |       |       |     9 ||     9
       Blink             |       |       |     3 ||     3
Evoke: Wand              |       |       |     3 ||     3
  Use: Scroll            |       |     9 |       ||     9
       Potion            |       |       |     1 ||     1
  Eat: Chunk             |     3 |     8 |    12 ||    23
       Ration            |       |       |     1 ||     1
Armor: Robe              |    24 |    21 |     5 ||    50
       Skin              |       |       |     5 ||     5
Dodge: Dodged            |    54 |    72 |    82 ||   208

Table legend:
 A = Spawn XP
 B = Non-spawn XP
 C = Spawn XP percentage of total XP
 D = Spawn monster count
 E = Non-spawn monster count
 F = Spawn count percentage of total count
 G = Total turns spent on level
                    A         B        C        D         E        F      G
               +---------+---------+-------+---------+---------+-------+---------
         Total |       0 |    2695 |   0.0 |       0 |     117 |   0.0 |  8191
               +---------+---------+-------+---------+---------+-------+---------
           D:1 |       0 |      30 |   0.0 |       0 |      17 |   0.0 |  1161
           D:2 |       0 |     110 |   0.0 |       0 |      23 |   0.0 |  1246
           D:3 |       0 |     144 |   0.0 |       0 |      23 |   0.0 |  1735
           D:4 |       0 |    1065 |   0.0 |       0 |      23 |   0.0 |  1622
           D:5 |       0 |     543 |   0.0 |       0 |      14 |   0.0 |  1022
           D:6 |       0 |     553 |   0.0 |       0 |      16 |   0.0 |  1188
           D:8 |       0 |     250 |   0.0 |       0 |       1 |   0.0 |    14
               +---------+---------+-------+---------+---------+-------+---------

Vault maps used:
D:1:      tarquinn_simple_flora_water_c, minmay_misc_feat_enclosed
D:2:      minmay_misc_feat_room, minmay_misc_feat_more_columns, tso_metal_star
D:3:      uniq_crazy_yiuf_cottage, uniq_jessica
D:4:      nicolae_overflow_hidden_temple, dk_yredelemnul_ordeal, uniq_edmund,
          uniq_eustachio
D:5:      makhleb_grotto_becter, lemuel_round_altar, lemuel_doored_altar,
          lemuel_temple_firewalk_b, first_ration, uniq_menkaure
D:6:      gammafunk_temple_overflow_elements, nicolae_ossuary_entry_plus,
          basic_altar, kennysheep_pointless_box, uniq_blork_the_orc
D:8:      old_standard_altar, marbit_many_paths, uniq_grum
Temple:   minmay_temple_curvy_loop

Table legend:
 A = Turns spent in this place as a percentage of turns spent in the entire game.
 B = Non-inter-level travel turns spent in this place as a percentage of non-inter-level travel turns spent in the entire game.
 C = Inter-level travel turns spent in this place as a percentage of turns spent in this place.
 D = Turns resting spent in this place as a percentage of non-inter-level travel turns spent in this place.
 E = Turns spent auto-exploring this place as a percentage of non-inter-level travel turns spent in this place.
 F = Non-inter-level travel turns spent in this place divided by the number of levels of this place that you've seen.
                   A       B       C       D       E      F
               +-------+-------+-------+-------+-------+----------------------
         Total | 100.0 | 100.0 |   4.5 |  40.6 |  42.1 | 978.2
       Dungeon |  97.5 |  97.7 |   4.3 |  41.6 |  40.7 | 1092.3
        Temple |   2.5 |   2.3 |  11.3 |   0.0 |  98.3 | 180.0
               +-------+-------+-------+-------+-------+----------------------

Table legend:
 A = Kills in this place as a percentage of kills in entire the game.
 B = Kills by you in this place as a percentage of kills by you in the entire game.
 C = Kills by friends in this place as a percentage of kills by friends in the entire game.
 D = Other kills in this place as a percentage of other kills in the entire game.
 E = Experience gained in this place as a percentage of experience gained in the entire game.
 F = Experience gained in this place divided by the number of levels of this place that you have seen.
                   A       B       C       D       E      F
               +-------+-------+-------+-------+-------+----------------------
         Total | 100.0 | 100.0 | 100.0 |   N/A | 100.0 | 336.9
       Dungeon | 100.0 | 100.0 | 100.0 |   N/A | 100.0 | 385.0
               +-------+-------+-------+-------+-------+----------------------
